| TOP OF THE 1ST |
|
UCLA Bruins batting - Pitching for University of Toronto Marlies : RHP Jay Hagan
|
|
Pitching: RHP Jay Hagan
|
|
|
Batting: LHB Mark Cummings
|
0-0: Ball 1-0: Ground out 6-3 (Groundball, 6, EV 102.5 MPH)
|
|
Batting: RHB Issac Konol
|
0-0: Called Strike 0-1: Ball 1-1: Ground out 5-3 (Groundball, 56S, EV 79.4 MPH)
|
|
Batting: LHB Scott Mullett
|
0-0: Called Strike 0-1: Ball 1-1: Foul Ball, location: 2F 1-2: Strikes out swinging
|
| Top of the 1st over - 0 runs, 0 hits, 0 errors, 0 left on base; UCLA 0 - University of Toronto 0 |
| BOTTOM OF THE 1ST |
|
University of Toronto Marlies batting - Pitching for UCLA Bruins : LHP Daniel McConnell
|
|
Pitching: LHP Daniel McConnell
|
|
|
Batting: LHB Efrem Isaev
|
0-0: Ball 1-0: Foul Ball, location: 2F 1-1: SINGLE (Line Drive, 7S, EV 110.6 MPH)
|
|
Batting: RHB Logan Johnson
|
0-0: Ball 1-0: Foul Ball, location: 2F 1-1: Ball 2-1: Ball 3-1: Swinging Strike 3-2: Base on Balls Efrem Isaev to second
|
|
Batting: RHB Akichika Yamano
|
0-0: Foul Ball, location: 2F 0-1: Swinging Strike 0-2: Ball 1-2: Foul Ball, location: 2F 1-2: Ball 2-2: Strikes out swinging
|
|
Batting: RHB Elmar Adenauer
|
0-0: Ball 1-0: Foul Ball, location: 2F 1-1: Called Strike 1-2: Strikes out looking
|
|
Batting: SHB Shannon Britten
|
0-0: Called Strike 0-1: Fly out, F9 (Flyball, 89S, EV 90.6 MPH)
|
| Bottom of the 1st over - 0 runs, 1 hit, 0 errors, 2 left on base; UCLA 0 - University of Toronto 0 |
| TOP OF THE 2ND |
|
UCLA Bruins batting - Pitching for University of Toronto Marlies : RHP Jay Hagan
|
|
Batting: RHB Dave Spradley
|
0-0: SINGLE (Groundball, 34D, EV 100.0 MPH)
|
|
Batting: SHB Sean Munns
|
0-0: Fly out, F9 (Line Drive, 9LM, EV 87.5 MPH)
|
|
Batting: SHB Mike Beck
|
0-0: Foul Ball, location: 2F 0-1: Ball 1-1: Foul Ball, location: 2F 1-2: DOUBLE (Flyball, 78D, EV 99.4 MPH) Dave Spradley to third
|
|
Batting: RHB Michael Alvarado
|
0-0: Ball 1-0: Fly out, F7 (Flyball, 7LM, EV 101.2 MPH) Runner from 3rd tags up, SCORES, throw by LF Mike Beck to third
|
|
Batting: RHB King Pinsent
|
0-0: Foul Ball, location: 2F 0-1: Fly out, F1 (Popup, P, EV 80.6 MPH)
|
| Top of the 2nd over - 1 run, 2 hits, 0 errors, 1 left on base; UCLA 1 - University of Toronto 0 |
| BOTTOM OF THE 2ND |
|
University of Toronto Marlies batting - Pitching for UCLA Bruins : LHP Daniel McConnell
|
|
Batting: RHB Jeff McClellan
|
0-0: Ball 1-0: Ball 2-0: Fly out, F7 (Flyball, 7LS, EV 92.5 MPH)
|
|
Batting: RHB Rich Vanegas
|
0-0: Foul Ball, location: 2F 0-1: Foul Ball, location: 2F 0-2: Ball 1-2: Ground out 5-3 (Groundball, 25, EV 76.9 MPH)
|
|
Batting: SHB Conrade Gordon
|
0-0: Called Strike 0-1: Foul Ball, location: 2F 0-2: Strikes out swinging
|
| Bottom of the 2nd over - 0 runs, 0 hits, 0 errors, 0 left on base; UCLA 1 - University of Toronto 0 |
| TOP OF THE 3RD |
|
UCLA Bruins batting - Pitching for University of Toronto Marlies : RHP Jay Hagan
|
|
Batting: RHB Ivan Murillo
|
0-0: Swinging Strike 0-1: Foul Ball, location: 2F 0-2: Strikes out swinging, 2-3 out at first.
|
|
Batting: LHB Mark Cummings
|
0-0: Ball 1-0: Ball 2-0: Swinging Strike 2-1: Swinging Strike 2-2: Fly out, F7 (Flyball, 78S, EV 93.1 MPH)
|
|
Batting: RHB Issac Konol
|
0-0: Fly out, F9 (Flyball, 9D, EV 92.5 MPH)
|
| Top of the 3rd over - 0 runs, 0 hits, 0 errors, 0 left on base; UCLA 1 - University of Toronto 0 |
| BOTTOM OF THE 3RD |
|
University of Toronto Marlies batting - Pitching for UCLA Bruins : LHP Daniel McConnell
|
|
Batting: LHB Greg Robertson
|
0-0: Fly out, F7 (Flyball, 78M, EV 93.8 MPH)
|
|
Batting: LHB Efrem Isaev
|
0-0: Ball 1-0: Foul Ball, location: 2F 1-1: Swinging Strike 1-2: Ball 2-2: Ball 3-2: Fly out, F7 (Flyball, 7LM, EV 73.8 MPH)
|
|
Batting: RHB Logan Johnson
|
0-0: Called Strike 0-1: Called Strike 0-2: Strikes out swinging, 2-3 out at first.
|
| Bottom of the 3rd over - 0 runs, 0 hits, 0 errors, 0 left on base; UCLA 1 - University of Toronto 0 |
| TOP OF THE 4TH |
|
UCLA Bruins batting - Pitching for University of Toronto Marlies : RHP Jay Hagan
|
|
Batting: LHB Scott Mullett
|
0-0: Ball 1-0: Ground out 3-1 (Groundball, 34, EV 85.0 MPH)
|
|
Batting: RHB Dave Spradley
|
0-0: Fly out, F8 (Line Drive, 78D, EV 105.0 MPH)
|
|
Batting: SHB Sean Munns
|
0-0: Called Strike 0-1: Ground out U3 (Groundball, 34, EV 105.6 MPH)
|
| Top of the 4th over - 0 runs, 0 hits, 0 errors, 0 left on base; UCLA 1 - University of Toronto 0 |
| BOTTOM OF THE 4TH |
|
University of Toronto Marlies batting - Pitching for UCLA Bruins : LHP Daniel McConnell
|
|
Batting: RHB Akichika Yamano
|
0-0: Ball 1-0: Ball 2-0: Called Strike 2-1: SOLO HOME RUN (Flyball, 7D, EV 95.0 MPH), Distance : 368 ft
|
|
Batting: RHB Elmar Adenauer
|
0-0: Called Strike 0-1: Called Strike 0-2: Ball 1-2: Ball 2-2: Ball 3-2: Foul Ball, location: 2F 3-2: Foul Ball, location: 2F 3-2: Base on Balls
|
|
Batting: SHB Shannon Britten
|
0-0: Ball 1-0: Swinging Strike 1-1: Called Strike 1-2: Foul Ball, location: 2F 1-2: Ball 2-2: Foul Ball, location: 2F 2-2: Fly out, F8 (Flyball, 8LM, EV 77.5 MPH)
|
|
Batting: RHB Jeff McClellan
|
0-0: Called Strike 0-1: Ball 1-1: Fly out, F7 (Line Drive, 7, EV 107.5 MPH)
|
|
Batting: RHB Rich Vanegas
|
0-0: Swinging Strike 0-1: SINGLE (Flyball, 5D, EV 95.6 MPH) Elmar Adenauer to second
|
|
Batting: SHB Conrade Gordon
|
0-0: Called Strike 0-1: Called Strike 0-2: Fly out, F8 (Flyball, 78M, EV 83.1 MPH)
|
| Bottom of the 4th over - 1 run, 2 hits, 0 errors, 2 left on base; UCLA 1 - University of Toronto 1 |
| TOP OF THE 5TH |
|
UCLA Bruins batting - Pitching for University of Toronto Marlies : RHP Jay Hagan
|
|
Batting: SHB Mike Beck
|
0-0: Called Strike 0-1: Called Strike 0-2: Foul Ball, location: 2F 0-2: Foul Ball, location: 2F 0-2: Ball 1-2: Ball 2-2: Ball 3-2: Ground out 4-3 (Groundball, 4, EV 85.6 MPH)
|
|
Batting: RHB Michael Alvarado
|
0-0: Ball 1-0: Ball 2-0: Called Strike 2-1: Foul Ball, location: 2F 2-2: Ground out U3 (Groundball, 3, EV 76.2 MPH)
|
|
Batting: RHB King Pinsent
|
0-0: Called Strike 0-1: Fly out, F9 (Flyball, 9D, EV 104.4 MPH)
|
| Top of the 5th over - 0 runs, 0 hits, 0 errors, 0 left on base; UCLA 1 - University of Toronto 1 |
| BOTTOM OF THE 5TH |
|
University of Toronto Marlies batting - Pitching for UCLA Bruins : LHP Daniel McConnell
|
|
Batting: LHB Greg Robertson
|
0-0: Ball 1-0: Swinging Strike 1-1: Ball 2-1: Ground out 4-3 (Groundball, 4S, EV 76.2 MPH)
|
|
Batting: LHB Efrem Isaev
|
0-0: Foul Ball, location: 2F 0-1: Ball 1-1: Fly out, F8 (Flyball, 8LS, EV 89.4 MPH)
|
|
Batting: RHB Logan Johnson
|
0-0: Called Strike 0-1: Fly out, F8 (Line Drive, 78M, EV 86.2 MPH)
|
| Bottom of the 5th over - 0 runs, 0 hits, 0 errors, 0 left on base; UCLA 1 - University of Toronto 1 |
| TOP OF THE 6TH |
|
UCLA Bruins batting - Pitching for University of Toronto Marlies : RHP Jay Hagan
|
|
Batting: RHB Ivan Murillo
|
0-0: Called Strike 0-1: Swinging Strike 0-2: Ball 1-2: Strikes out swinging
|
|
Batting: LHB Mark Cummings
|
0-0: Ball 1-0: Called Strike 1-1: Ball 2-1: Swinging Strike 2-2: Strikes out looking
|
|
Batting: RHB Issac Konol
|
0-0: Ground out 4-3 (Groundball, 4M, EV 103.1 MPH)
|
| Top of the 6th over - 0 runs, 0 hits, 0 errors, 0 left on base; UCLA 1 - University of Toronto 1 |
| BOTTOM OF THE 6TH |
|
University of Toronto Marlies batting - Pitching for UCLA Bruins : LHP Daniel McConnell
|
|
Batting: RHB Akichika Yamano
|
0-0: Ball 1-0: Ball 2-0: Ball 3-0: Called Strike 3-1: Called Strike 3-2: Foul Ball, location: 2F 3-2: SINGLE (Line Drive, 4D, EV 94.4 MPH)
|
|
Pitching: RHP Quincy Bowen
|
|
|
Batting: RHB Elmar Adenauer
|
0-0: Ball 1-0: SINGLE (Groundball, 6MD, EV 104.4 MPH) Akichika Yamano to second Runner from 2nd tries for 3rd, SAFE, throw by CF made to third
|
|
Batting: SHB Shannon Britten
|
0-0: Called Strike 0-1: Swinging Strike 0-2: Foul Ball, location: 2F 0-2: Foul Ball, location: 2F 0-2: Fly out, F9 (Flyball, 89M, EV 96.9 MPH) Runner from 3rd tags up, OUT at HOME! 9-2 Elmar Adenauer to second
|
|
Batting: RHB Jeff McClellan
|
0-0: Foul Ball, location: 2F 0-1: Swinging Strike 0-2: Strikes out swinging
|
| Bottom of the 6th over - 0 runs, 2 hits, 0 errors, 1 left on base; UCLA 1 - University of Toronto 1 |
| TOP OF THE 7TH |
|
UCLA Bruins batting - Pitching for University of Toronto Marlies : RHP Jay Hagan
|
|
Batting: LHB Scott Mullett
|
0-0: Called Strike 0-1: Ball 1-1: Foul Ball, location: 2F 1-2: Ball 2-2: Fly out, F7 (Flyball, 78M, EV 89.4 MPH)
|
|
Batting: RHB Dave Spradley
|
0-0: Called Strike 0-1: Ball 1-1: Ground out U3 (Groundball, 3L, EV 86.9 MPH)
|
|
Batting: SHB Sean Munns
|
0-0: Ball 1-0: Called Strike 1-1: Ball 2-1: DOUBLE (Line Drive, 78XD, EV 102.5 MPH)
|
|
Batting: SHB Mike Beck
|
0-0: Ball 1-0: Called Strike 1-1: Ball 2-1: Foul Ball, location: 2F 2-2: Ball 3-2: Base on Balls
|
|
Batting: RHB Michael Alvarado
|
0-0: Fly out, F8 (Flyball, 8LD, EV 103.8 MPH)
|
| Top of the 7th over - 0 runs, 1 hit, 0 errors, 2 left on base; UCLA 1 - University of Toronto 1 |
| BOTTOM OF THE 7TH |
|
University of Toronto Marlies batting - Pitching for UCLA Bruins : RHP Quincy Bowen
|
|
Pitching: LHP Joe Landgraff
|
|
|
Batting: RHB Rich Vanegas
|
0-0: Called Strike 0-1: Ball 1-1: Ground out 6-3 (Groundball, 6S, EV 73.8 MPH)
|
|
Batting: SHB Conrade Gordon
|
0-0: Foul Ball, location: 2F 0-1: Called Strike 0-2: Ball 1-2: Fly out, F8 (Flyball, 8LD, EV 83.8 MPH)
|
|
Batting: LHB Greg Robertson
|
0-0: Ball 1-0: Ball 2-0: Foul Ball, location: 2F 2-1: Foul Ball, location: 2F 2-2: Fly out, F8 (Line Drive, 8LD, EV 89.4 MPH)
|
| Bottom of the 7th over - 0 runs, 0 hits, 0 errors, 0 left on base; UCLA 1 - University of Toronto 1 |
| TOP OF THE 8TH |
|
UCLA Bruins batting - Pitching for University of Toronto Marlies : RHP Jay Hagan
|
|
Batting: RHB King Pinsent
|
0-0: Ball 1-0: Fly out, F4 (Line Drive, 4M, EV 70.0 MPH)
|
|
Batting: RHB Ivan Murillo
|
0-0: Foul Ball, location: 2F 0-1: Fly out, F8 (Flyball, 89M, EV 77.5 MPH)
|
|
Batting: LHB Mark Cummings
|
0-0: Ground out U3 (Groundball, 3S, EV 80.6 MPH)
|
| Top of the 8th over - 0 runs, 0 hits, 0 errors, 0 left on base; UCLA 1 - University of Toronto 1 |
| BOTTOM OF THE 8TH |
|
University of Toronto Marlies batting - Pitching for UCLA Bruins : LHP Joe Landgraff
|
|
Pitching: LHP Honor Munoz
|
|
|
Batting: LHB Efrem Isaev
|
0-0: Ball 1-0: Ball 2-0: Called Strike 2-1: Ball 3-1: Called Strike 3-2: Foul Ball, location: 2F 3-2: Base on Balls
|
|
Batting: RHB Logan Johnson
|
0-0: Called Strike 0-1: Swinging Strike 0-2: Ball 1-2: Strikes out looking
|
|
Batting: RHB Akichika Yamano
|
0-0: Ball 1-0: Called Strike 1-1: Called Strike 1-2: Ball 2-2: Foul Ball, location: 2F 2-2: Ball Wild Pitch! Efrem Isaev to second 3-2: Fly out, F9 (Flyball, 9S, EV 91.2 MPH)
|
|
Batting: RHB Elmar Adenauer
|
0-0: Ground out U3 (Groundball, 34, EV 90.6 MPH)
|
| Bottom of the 8th over - 0 runs, 0 hits, 0 errors, 1 left on base; UCLA 1 - University of Toronto 1 |
| TOP OF THE 9TH |
|
UCLA Bruins batting - Pitching for University of Toronto Marlies : RHP Jay Hagan
|
|
Pitching: RHP Luke Stannard
|
|
|
Batting: RHB Issac Konol
|
0-0: Swinging Strike 0-1: Foul Ball, location: 2F 0-2: Ball 1-2: Ball 2-2: Ball 3-2: Single, Error in OF, E8, batter to second base (Groundball, 6MD, EV 96.9 MPH)
|
|
Batting: LHB Scott Mullett
|
0-0: Foul Ball, location: 2F 0-1: Ball 1-1: Fly out, F7 (Flyball, 78S, EV 82.5 MPH)
|
|
Batting: RHB Dave Spradley
|
0-0: Foul Ball, location: 2F 0-1: Ball 1-1: Ball 2-1: SINGLE (Line Drive, 7S, EV 89.4 MPH) Issac Konol to third Runner from 3rd tries for Home, SAFE, throw by LF to home
|
|
Batting: SHB Sean Munns
|
0-0: Foul Ball, location: 2F 0-1: Ball 1-1: Ball 2-1: Foul Ball, location: 2F 2-2: Strikes out swinging
|
|
Pitching: RHP Mike McDonald
|
|
|
Batting: SHB Mike Beck
|
0-0: Ball 1-0: Called Strike 1-1: Ball 2-1: Foul Ball, location: 2F 2-2: Ball 3-2: Foul Ball, location: 2F 3-2: Base on Balls Dave Spradley to second
|
|
Batting: RHB Michael Alvarado
|
0-0: Called Strike 0-1: Ball 1-1: Ball 2-1: Called Strike 2-2: Ball 3-2: Foul Ball, location: 2F 3-2: Foul Ball, location: 2F 3-2: Foul Ball, location: 2F 3-2: Foul Ball, location: 2F 3-2: Fly out, F9 (Flyball, 9, EV 74.4 MPH)
|
| Top of the 9th over - 1 run, 2 hits, 1 error, 2 left on base; UCLA 2 - University of Toronto 1 |
| BOTTOM OF THE 9TH |
|
University of Toronto Marlies batting - Pitching for UCLA Bruins : LHP Honor Munoz
|
|
Pitching: RHP Kyle Mann
|
|
|
Batting: SHB Shannon Britten
|
0-0: Called Strike 0-1: Foul Ball, location: 2F 0-2: Ground out 4-3 (Groundball, 4, EV 86.2 MPH)
|
|
Pinch Hitting: SHB Jack Tierney
|
0-0: Called Strike 0-1: Called Strike 0-2: Ball 1-2: SINGLE (Flyball, 8RS, EV 90.0 MPH)
|
|
Batting: RHB Rich Vanegas
|
0-0: Ball 1-0: Fly out, F8 (Line Drive, 8RD, EV 88.1 MPH)
|
|
Batting: SHB Conrade Gordon
|
0-0: Called Strike 0-1: Foul Ball, location: 2F 0-2: SINGLE (Line Drive, 34, EV 96.2 MPH) Jack Tierney to second Runner from 2nd tries for 3rd, SAFE, no throw by RF
|
|
Pinch Hitting: RHB Charlie Townend
|
0-0: Called Strike 0-1: Fielders Choice at 2nd, 6-4 (Groundball, 56, EV 88.8 MPH)
|
| Bottom of the 9th over - 0 runs, 2 hits, 0 errors, 2 left on base; UCLA 2 - University of Toronto 1 |
|